 Dungeon Crawl Stone Soup version 0.29-a0-360-g8ed1089bbe (webtiles) character file.

Game seed: 5226520715544257091

2466 chopper the Cleaver (level 9, 0/78 HPs)
             Began as a Minotaur Fighter on Apr 29, 2022.
             Slain by a killer bee (2 damage)
             ... on level 6 of the Dungeon.
             The game lasted 00:31:47 (7986 turns).

chopper the Cleaver (Minotaur Fighter)              Turns: 7986, Time: 00:31:47

Health: 0/78       AC: 12    Str: 22    XL:     9   Next: 26%
Magic:  7/7        EV:  8    Int:  5    God:
Gold:   197        SH:  5    Dex: 13    Spells: 8/8 levels left

rFire   + . .      SeeInvis .   a - +0 war axe
rCold   . . .      Faith    .   c - +0 buckler
rNeg    . . .      Spirit   .   m - +0 chain mail
rPois   .          Reflect  .   (helmet restricted)
rElec   .          Harm     .   q - +0 cloak
rCorr   .          Rampage  .   (no gloves)
Will    .....                   (no boots)
Stlth   ..........              (no amulet)
HPRegen 0.23/turn               (no ring)
MPRegen 0.10/turn               (no ring)

@: mighty, about to teleport
A: horns 2, retaliatory headbutt, fire resistance 1, low MP 1
a: no special abilities


You were on level 6 of the Dungeon.
You visited 2 branches of the dungeon, and saw 8 of its levels.

You collected 352 gold pieces.
You spent 155 gold pieces at shops.

Inventory:

Hand Weapons
 a - a +0 war axe (weapon)
Missiles
 r - 5 javelins (quivered)
Armour
 c - a +0 buckler (worn)
 m - a +0 chain mail (worn)
 q - a +0 cloak (worn)
Jewellery
 g - an amulet of faith
 z - a ring of see invisible
 B - a ring of protection from fire
Scrolls
 e - 2 scrolls of immolation
 f - 2 scrolls of teleportation
 i - 2 scrolls of enchant weapon {unknown}
 j - a scroll of magic mapping {unknown}
 k - a scroll of fog {unknown}
 n - a scroll of enchant armour {unknown}
 t - a scroll of torment {unknown}
 u - a scroll of acquirement {unknown}
 x - a scroll of noise {unknown}
 y - a scroll of amnesia {unknown}
 D - a scroll of brand weapon {unknown}
Potions
 b - a potion of degeneration {unknown}
 h - 5 potions of curing
 l - a potion of invisibility {unknown}
 o - 2 potions of attraction
 p - a potion of magic {unknown}
 s - a potion of haste {unknown}
 w - a potion of resistance {unknown}
 A - 2 potions of lignification


   Skills:
 + Level 6.6 Fighting
 + Level 9.7 Axes
 + Level 1.2 Throwing
 + Level 9.1 Armour
 + Level 2.5 Dodging
 + Level 0.3 Stealth
 + Level 5.9 Shields


You had 8 spell levels left.
You didn't know any spells.
Your spell library contained the following spells:

 Spells                   Type           Power      Damage    Failure   Level
 Frozen Ramparts          Ice            0%         1d2       100%        3
 Ozocubu's Armour         Ice            0%         N/A       100%        3
 Ice Form                 Ice/Tmut       0%         N/A       100%        4
 Summon Ice Beast         Ice/Summ       0%         N/A       100%        4
 Freezing Cloud           Conj/Ice/Air   0%         6-21      100%        5
 Haunt                    Necr/Summ      0%         N/A       100%        7
 Orb of Destruction       Conj           0%         9d5       100%        7
 Ozocubu's Refrigeration  Ice            0%         4d5       100%        7


Dungeon Overview and Level Annotations

Branches:
Dungeon (7/15)             Temple (1/1) D:4

Altars:
Ashenzari
Cheibriados
Dithmenos
Fedhas
Gozag
Makhleb
Nemelex Xobeh
Okawaru
Qazlal
Ru
Trog
Vehumet
Wu Jian
Yredelemnul

Shops:
D:5 *   D:6 :

Annotations:
D:5 2 runed translucent doors


Innate Abilities, Weirdness & Mutations

You have a pair of horns on your head.
You reflexively headbutt those who attack you in melee.
Your flesh is heat resistant. (rF+)
Your magical capacity is low. (-10% MP)


Message History

You barely miss the killer bee. You slash the yak!
The yak gores you but does no damage.
The killer bee stings you but does no damage.
You block the adder's attack.
You slash the yak! You headbutt the yak!
You kill the yak!
You slash the killer bee! You slash the adder!
The killer bee barely misses you. The adder barely misses you.
You furiously retaliate!
You headbutt the adder.
You kill the adder!
You block the killer bee's attack.
The killer bee stings you but does no damage.
Your Armour skill increases to level 9!
You hit the killer bee.
The killer bee is moderately wounded.
You hit the killer bee. You completely miss the killer bee.
The killer bee stings you. You block the killer bee's attack.
The killer bee stings you but does no damage.
The killer bee stings you. The killer bee closely misses you.
The killer bee barely misses you. You furiously retaliate!
You headbutt the killer bee!
You kill the killer bee!
The killer bee stings you but does no damage.
The killer bee barely misses you. The yak closely misses you.
The yak gores you! The killer bee stings you. x2
* * * LOW HITPOINT WARNING * * *
You see here a yak corpse.
As you read the scroll of teleportation, it crumbles to dust.
You feel strangely unstable.
The killer bee stings you but does no damage.
You block the killer bee's attack. The yak gores you but does no damage.
The yak gores you!
* * * LOW HITPOINT WARNING * * *
The killer bee stings you but does no damage.
You block the killer bee's attack.
The killer bee attacks as you move away!
The killer bee stings you.
* * * LOW HITPOINT WARNING * * *
The killer bee stings you.
You die...

...Y..#######
#.............#
#.............#
#............$#
#.............#
#..o.....>[...#
#........))...#
#..Y.....(....#
#†y@..........#
#>yY.....######
##########


You could see 2 yaks, 2 killer bees and an orc.

Vanquished Creatures
  A two-headed ogre (D:6)
  3 yaks (D:6)
  4 water moccasins
  An orc warrior (D:7)
  An ice beast (D:6)
  An ogre (D:5)
  3 scorpions
  A killer bee (D:6)
  A howler monkey (D:6)
  A jelly (D:6)
  2 orc priests
  A gnoll shaman (D:5)
  An iguana (D:5)
  3 orc wizards
  6 gnolls
  8 adders
  2 worms (D:2)
  4 dart slugs
  29 orcs
  6 ball pythons
  11 endoplasms
  3 giant cockroaches
  8 goblins
  6 hobgoblins
  2 jackals (D:5)
  5 kobolds
  A quokka (D:2)
  A bat (D:2)
  4 frilled lizards
  7 rats
127 creatures vanquished.

Vanquished Creatures (others)
  5 plants
5 creatures vanquished.

Grand Total: 132 creatures vanquished

Notes
Turn   | Place    | Note
-------+----------+-------------------------------------------
     0 | D:1      | chopper the Minotaur Fighter began the quest for the Orb.
     0 | D:1      | Reached XP level 1. HP: 19/19 MP: 0/0
   281 | D:1      | Reached XP level 2. HP: 27/27 MP: 1/1
   922 | D:2      | Reached XP level 3. HP: 24/33 MP: 2/2
  1223 | D:2      | Reached XP level 4. HP: 32/40 MP: 3/3
  1869 | D:3      | Found a burning altar of Makhleb.
  1949 | D:3      | Noticed a water moccasin
  1954 | D:3      | Killed a water moccasin
  1955 | D:3      | Reached XP level 5. HP: 24/46 MP: 4/4
  2197 | D:3      | Reached skill level 5 in Axes
  2608 | D:3      | Got the Incunabulum of Doomed Conjuration
  2641 | D:3      | Found a faded altar of an unknown god.
  2958 | D:4      | Reached XP level 6. HP: 41/53 MP: 5/5
  3002 | D:4      | Found an opulent altar of Gozag.
  3002 | D:4      | Found a sparkling altar of Nemelex Xobeh.
  3219 | D:4      | Reached skill level 5 in Armour
  3409 | D:4      | Found a staircase to the Ecumenical Temple.
  3480 | Temple   | Entered the Ecumenical Temple
  4161 | D:5      | Entered Level 5 of the Dungeon
  4253 | D:5      | Found Senweuwoe's Assorted Antiques.
  4256 | D:5      | Reached skill level 1 in Dodging
  4265 | D:5      | Bought a glass ring for 155 gold pieces
  4432 | D:5      | Noticed a water moccasin
  4446 | D:5      | Killed a water moccasin
  4447 | D:5      | Reached skill level 5 in Shields
  4447 | D:5      | Reached XP level 7. HP: 28/60 MP: 6/6
  4450 | D:5      | Found a runed translucent door.
  4631 | D:5      | Noticed a vampire mosquito
  4644 | D:5      | Found a runed translucent door.
  5000 | D:5      | Reached skill level 5 in Fighting
  5415 | D:5      | Found an ornate altar of the Wu Jian Council.
  5972 | D:6      | Found Dyitycyd's Book Shop.
  6160 | D:6      | Reached XP level 8. HP: 36/68 MP: 7/7
  6492 | D:6      | Noticed a two-headed ogre
  6493 | D:6      | Found a snail-covered altar of Cheibriados.
  6740 | D:6      | Killed a two-headed ogre
  7300 | D:6      | HP: 2/70 [killer bee (6)]
  7301 | D:6      | Gained mutation: Your flesh is heat resistant. (rF+)
                  | [potion of mutation]
  7301 | D:6      | Gained mutation: Your magical capacity is low. (-10% MP)
                  | [potion of mutation]
  7976 | D:6      | Reached XP level 9. HP: 48/75 MP: 7/7
  7981 | D:6      | Reached skill level 1 in Throwing
  7986 | D:6      | HP: 2/78 [killer bee (4)]
  7986 | D:6      | Slain by a killer bee

Illustrated notes

Levels and vault maps discovered:
D:1:      minmay_arrival_doors, layout_loops_cross
D:2:      layout_basic, minmay_misc_feat_encased, minmay_heptomino_w4
D:3:      layout_loops_ring, mainiacjoe_overflow_boulevard,
          shapermc_ecumenical_altar_pompeii
D:4:      layout_loops_corners, grunt_temple_overflow_opulence, temple_pool_b,
          minmay_door_square, minmay_misc_feat_hallway, minmay_strange_pillars
D:5:      lemuel_insect_pit, layout_gridville,
          nicolae_wu_jian_immortal_techniques, serial_shops,
          nicolae_shop_overgrown_old_shop, dreamdust_mushroom_princess
D:6:      layout_basic, cheibriados_altar_1, serial_shops, nicolae_shop_stone,
          glass_columns_b
D:7:      layout_cave_pools, hellmonk_guarded_unrand_lears
Temple:   jpeg_temple_island

Skill      XL: |  1  2  3  4  5  6  7  8  9 |
---------------+----------------------------+-----
Shields        | 4 5 |  5.9
Armour         | 4 5 7 8 9 |  9.1
Axes           | 3 4 5 6 7 9 |  9.7
Fighting       | 4 5 6 |  6.6
Dodging        | 1 2 |  2.5
Throwing       | 1 |  1.2
Stealth        | |  0.3

Action                   |  1- 3 |  4- 6 |  7- 9 || total
-------------------------+-------+-------+-------++-------
Melee: War axe           |    58 |   157 |    90 ||   305
       Headbutt          |     5 |    38 |    22 ||    65
Throw: Javelin           |       |     4 |     5 ||     9
       Throwing net      |       |       |     2 ||     2
  Use: Scroll            |       |       |     7 ||     7
       Potion            |       |       |     4 ||     4
Armor: Scale mail        |    30 |     1 |       ||    31
       Chain mail        |       |    86 |    72 ||   158
Dodge: Dodged            |    30 |    56 |    61 ||   147
Block: Buckler           |    12 |    25 |    40 ||    77

Table legend: (Time is in decaauts)
 A = Elapsed time spent in this place.
 B = Non-inter-level travel time spent in this place.
 C = Inter-level travel time spent in this place.
 D = Time resting spent in this place.
 E = Time spent auto-exploring this place.
 F = Levels seen in this place.
 G = Mean time per level.
                   A        B        C        D        E       F      G
               +--------+--------+--------+--------+--------+-----+--------+
         Total |   8075 |   8075 |      0 |   2032 |     36 |   8 | 1009.4 |
       Dungeon |   7971 |   7971 |      0 |   2032 |     36 |   7 | 1138.7 |
        Temple |    104 |    104 |      0 |      0 |      0 |   1 |  104.0 |
               +--------+--------+--------+--------+--------+-----+--------+

Top non-repeatable levels by time:
     D:5: 2027 daAuts
     D:6: 1438 daAuts
     D:4: 1208 daAuts
     D:3: 1074 daAuts
     D:1: 925 daAuts
     D:2: 914 daAuts
     D:7: 383 daAuts
  Temple: 104 daAuts
